AoeStats
← Cubanito945806

Arena

510599136Analyzed
1v1 RM · 20h ago on Oct 1, 2026· 29m 41s· 2 players
Game mode
Random Map
Map size
Tiny (2 player)
Population
200
Speed
Normal
Resources
Standard
Victory
Conquest
Starting age
Dark Age
Ending age
Imperial Age
RankedLock teamsTeams togetherTeam positionsShared explorationLock speedFull tech treeHidden civsTurbo modeCheats
Victory
Defeat
🇦🇷 Japanese · Argentina
1100
+16
🇺🇸 Bohemians · United States
1091
-16
Cubanito945806
11:48 Feudal Age
15:29 Castle Age
13:43 Double-Bit Axe
13:40 Horse Collar
16:41 Bow Saw
17:19 Fervor
18:55 Sanctity
21:20 Town Watch
22:12 Wheelbarrow
26:26 Imperial Age
24:11 Loom
25:41 Chemistry
26:03 Fletching
26:14 Scale Mail Armor
27:36 Block Printing
27:43 Redemption
28:37 Redemption
quidroga
10:42 Feudal Age
14:30 Castle Age
13:20 Double-Bit Axe
13:48 Horse Collar
14:02 Gold Mining
16:25 Bow Saw
17:24 Heavy Plow
18:40 Gold Shaft Mining
19:04 Scale Mail Armor
21:25 Forging
24:23 Chain Mail Armor
26:08 Iron Casting
Connection lost

Rejoining the realm…

Still unreachable

The connection could not be restored.

Session expired

The server has moved on; the page needs a fresh start.